Map: Backwater LE

Players

AHHHHHHHHH

  • Race: Zerg Zerg
  • League: Platinum
  • Spawn Location: 5:00

Kozzy - Winner!

  • Race: Protoss Protoss
  • League: Gold
  • Spawn Location: 11:00

VOD

Have the link to the VOD?

Description

Time

  • Played on: April 9, 2018, 9:25 a.m.
  • Length: 8:47
Show
View Real Time Build Order
Export as new Build Order

AHHHHHHHHH Zerg 

Build Orders: Pool First 

Get SALT Encoding   

  12  0:09  Overlord  
  12  0:13  Drone  
  13  0:17  Drone  
  14  0:28  Drone  
  15  0:33  Drone  
  16  0:42  Drone  
  17  0:51  Spawning Pool  
  17  0:52  Drone  
  17  1:14  Drone x2  
  19  1:36  Extractor  
  19  1:39  Extractor  
  17  1:44  Zergling x2  
  17  1:45  Queen, Zergling x2  
  20  2:01  Hatchery  
  19  2:22  Hatchery  
  18  2:26  Queen  
  20  2:31  Drone  
  20  2:32  Drone  
  22  2:40  Overlord  
  22  2:51  Overlord  
  22  3:10  Drone x4  
  26  3:13  Drone  
  27  3:23  Queen  
  28  3:38  Metabolic Boost  
  28  3:50  Drone x2  
  28  3:55  Drone x3  
  33  4:06  Drone  
  33  4:07  Drone  
  35  4:11  Queen  
  35  4:13  Queen  
  35  4:17  Drone x2  
  41  4:23  Drone x3  
  44  4:36  Drone x3  
  44  4:37  Drone x3  
  50  4:40  Overlord  
  50  4:41  Overlord  
  50  5:05  Drone  
  50  5:06  Drone x10, Hatchery  
  60  5:12  Zergling x6  
  60  5:13  Zergling x6  
  66  5:18  Overlord  
  66  5:26  Lair  
  66  5:38  Evolution Chamber  
  66  5:40  Evolution Chamber  
  66  5:41  Overlord  
  66  5:42  Overlord x2  
  64  5:43  Evolution Chamber  
  64  5:44  Pneumatized Carapace  
  63  6:11  Drone  
  63  6:12  Drone  
  63  6:13  Extractor  
  63  6:14  Extractor  
  63  6:16  Extractor  
  63  6:17  Extractor  
  63  6:18  Overlord x3  
  61  6:19  Overlord x3  
  61  6:21  Zerg Missile Weapons Level 1, Zerg Melee Weapons Level 1  
  61  6:31  Overseer  
  61  6:50  Drone x7  
  61  6:51  Drone x3  
  61  6:52  Drone x3  
  74  7:04  Zergling x2  
  74  7:05  Zergling x32  
  83  7:27  Zergling x18  
  83  7:28  Zergling x6  
  68  7:38  Zergling x2  
  68  7:39  Zergling x4  
  63  7:44  Queen x2  
  63  7:45  Queen  
  61  7:51  Zergling x2  
  61  7:52  Zergling x22  
  67  8:03  Spine Crawler  
  67  8:04  Spine Crawler  
  65  8:11  Zergling x4  
  64  8:14  Zergling x10  
  41  8:30  Zergling x4  
  40  8:41  Hydralisk Den  
Show
View Real Time Build Order
Export as new Build Order

Kozzy Protoss - Winner!

Build Orders:  

Get SALT Encoding   

  12  0:01  Probe  
  13  0:13  Probe  
  14  0:22  Pylon  
  14  0:25  Probe  
  15  0:40  Probe (Chrono Boost)  
  15  0:41  Gateway  
  16  0:46  Assimilator  
  16  0:52  Probe (Chrono Boost)  
  17  1:03  Probe  
  17  1:04  Pylon  
  18  1:15  Probe  
  19  1:20  Pylon  
  19  1:27  Probe  
  20  1:34  Cybernetics Core  
  19  1:42  Probe  
  20  1:56  Pylon  
  20  1:58  Forge  
  20  2:04  Zealot (Chrono Boost)  
  22  2:16  Gateway  
  22  2:19  Warp Gate  
  22  2:25  Pylon  
  22  2:30  Zealot (Chrono Boost)  
  24  2:40  Pylon  
  24  2:46  Shield Battery  
  24  2:53  Protoss Ground Weapons Level 1 (Chrono Boost)  
  24  2:54  Stalker  
  26  3:09  Photon Cannon  
  26  3:18  Pylon  
  26  3:34  Stalker  
  28  3:55  Gateway  
  28  3:57  Twilight Council  
  28  4:00  Pylon  
  28  4:03  Gateway  
  28  4:07  Robotics Facility  
  28  4:10  Assimilator  
  28  4:33  Charge (Chrono Boost)  
  28  4:39  Probe  
  28  4:44  Zealot  
  31  4:45  Zealot  
  33  4:53  Immortal (Chrono Boost)  
  37  5:07  Zealot  
  37  5:08  Zealot  
  41  5:19  Zealot  
  43  5:29  Immortal  
  47  5:39  Zealot  
  49  5:46  Stalker  
  51  5:57  Protoss Ground Weapons Level 2 (Chrono Boost)  
  51  6:03  Zealot  
  53  6:20  Immortal  
  57  6:49  Probe  
  58  7:01  Probe  
  58  7:02  Nexus  
  59  7:59  Probe  
  59  8:01  Immortal  
  64  8:11  Probe  
  65  8:20  Photon Cannon  
  65  8:21  Shield Battery  
  65  8:23  Probe  
Tags
 
Add a new tag
Caveats
  • Supply blocks, unpowered buildings, or Contaminate may cause inaccurate times.
  • Supply counts are checked every 10 seconds.